 Dungeon Crawl Stone Soup version 0.31.0-32-g396128a36d (webtiles) character file.

Game seed: 12729095394419587942

2536 boopmooplesden the Slasher (level 9, -3/69 (75) HPs)
             Began as an Armataur Fighter on Mar 30, 2024.
             Was an Initiate of Okawaru.
             Killed from afar by a steam dragon (18 damage)
             ... with a ball of steam
             ... on level 7 of the Dungeon.
             The game lasted 00:10:30 (6730 turns).

boopmooplesden the Slasher (Armataur Fighter)       Turns: 6730, Time: 00:10:30

HP:   -3/69 (75)    AC: 11    Str: 21    XL:     9   Next: 30%
MP:   9/9           EV:  8    Int:  9    God:    Okawaru [......]
Gold: 452           SH:  9    Dex: 14    Spells: 8/8 levels left

rFire   . . .        a - +0 long sword
rCold   . . .        G - +0 kite shield
rNeg    . . .        j - +2 ring mail {rPois}
rPois   +            y - +0 hat
rElec   .            u - +0 cloak
rCorr   .            o - +0 pair of gloves of Doomed the Leaf {Rampage Regen+}
SInv    .            (no barding)
Will    .....        (no amulet)
Stlth   +            (no ring)
HPRegen 1.11/turn    (no ring)
MPRegen 0.11/turn

%: roll
@: drained
A: large, deformed body, tough skin 3, armoured tail, roll 2
a: Renounce Religion


You were on level 7 of the Dungeon.
You worshipped Okawaru.
Okawaru was noncommittal.
You visited 2 branches of the dungeon, and saw 8 of its levels.
You also visited: Sewer.

You collected 452 gold pieces.

Inventory:

Hand Weapons
 a - a +0 long sword (weapon)
 s - a +0 whip of distortion
Missiles
 A - 3 javelins (quivered)
Armour
 b - a +0 scale mail
 c - a +0 buckler
 j - a +2 ring mail of poison resistance (worn)
 o - the +0 pair of gloves of Doomed the Leaf (worn) {Rampage Regen+}
   (You found it on level 5 of the Dungeon)

   Regen+:    It increases your rate of health regeneration.
   Rampage:   It bestows one free step when moving towards enemies.
 u - a +0 cloak (worn)
 y - a +0 hat (worn)
 G - a +0 kite shield (worn)
Magical Staves
 f - a staff of earth
Jewellery
 d - a ring of flight
 e - a ring of fire
 i - an amulet of faith
 v - an amulet of guardian spirit
Wands
 p - a wand of roots (8)
 B - a wand of acid (9)
 C - a wand of paralysis (10)
 D - a wand of flame (19)
Scrolls
 h - a scroll of torment
 n - a scroll of fog
 E - a scroll of blinking
 F - a scroll of identify
Potions
 g - a potion of heal wounds
 k - a potion of degeneration
 l - a potion of berserk rage
 q - a potion of ambrosia {unknown}
 r - a potion of invisibility
 t - a potion of attraction
 w - a potion of haste
 x - a potion of enlightenment {unknown}
 z - 2 potions of curing {unknown}
 H - a potion of mutation {unknown}


   Skills:
 + Level 6.0 Fighting
 + Level 7.2 Long Blades
 + Level 7.0 Armour
 + Level 3.1 Dodging
 + Level 2.3 Stealth
 + Level 5.5 Shields


You had 8 spell levels left.
You didn't know any spells.
Your spell library contained the following spells:

 Spells                   Type           Power      Damage    Failure   Level
 Magic Dart               Conj           0%         1d3       80%         1
 Searing Ray              Conj           0%         2d4       91%         2
 Fulminant Prism          Conj/Alch      0%         3d5       100%        4


Dungeon Overview and Level Annotations

Branches:
Dungeon (7/15)             Temple (1/1) D:7           Sewer (visited)

Altars:
Ashenzari
Elyvilon
Fedhas
Gozag
Hepliaklqana
Kikubaaqudgha
Makhleb
Nemelex Xobeh
Okawaru
Qazlal
Ru
Trog
Uskayaw
Wu Jian
Xom
Yredelemnul
The Shining One

Shops:
D:2 ?   D:5 :


Innate Abilities, Weirdness & Mutations

Armour fits poorly on your strangely shaped body.
You have extremely tough skin. (AC +3)
You have a long armoured tail.
You regenerate magic and health when rolling toward enemies. (Rampage Regen)


Message History

Found a scroll labelled MUSTRU XORIH and a hand axe.
You are engulfed in a cloud of scalding steam.
The steam dragon hisses angrily.
You roll towards the steam dragon!
You completely miss the steam dragon.
Your tail-slap misses the steam dragon.
You are engulfed in a cloud of scalding steam.
You block the steam dragon's attack. x2
The steam dragon bites you but does no damage.
You block the steam dragon's attack.
You barely miss the steam dragon. You block the steam dragon's attack. x2
The steam dragon breathes steam at you. The ball of steam hits you!
You closely miss the steam dragon.
You are engulfed in a cloud of scalding steam.
The steam dragon misses you.
The steam dragon claws you but does no damage.
You closely miss the steam dragon.
You are engulfed in a cloud of scalding steam.
The steam dragon bites you but does no damage.
You block the steam dragon's attack.
You completely miss the steam dragon.
You are engulfed in a cloud of scalding steam.
The steam dragon closely misses you. x2; You block the steam dragon's attack.
The steam dragon claws you.
You barely miss the steam dragon.
Your tail-slap misses the steam dragon.
You are engulfed in a cloud of scalding steam.
You block the steam dragon's attack. The steam dragon claws you.
The steam dragon breathes steam at you. The ball of steam hits you!
* * * LOW HITPOINT WARNING * * *
You slash the steam dragon!
The steam dragon is moderately wounded.
The steam dragon misses you. You block the steam dragon's attack.
The steam dragon bites you but does no damage.
The steam dragon closely misses you. You block the steam dragon's attack.
The steam dragon claws you.
* * * LOW HITPOINT WARNING * * *
The steam dragon breathes steam at you. The ball of steam hits you!!
You die...

.....#..... ....##..
#.......#.# . ......
#.......#.# .. ...).
###.......# ... ?...
###.##### ... ..# #.#
#.. #.# ##.#####
#...#D#########.......
#..D@§§#........####.
####.#§..#####.#...#.
...##### #.#.....
##### #.#...#.
#....... ####.### #.#
#.# #.#


You could see 2 steam dragons.

Vanquished Creatures
  2 water moccasins
  Pargi (Sewer)
  An ice beast (D:6)
  4 ogres
  2 kobold brigands
  A brain worm (Sewer)
  2 bullfrogs
  3 necrophages (D:4)
  2 scorpions
  A wight (D:7)
  A water moccasin skeleton (D:4)
  A bombardier beetle (D:4)
  A bullfrog zombie (D:5)
  4 hounds (D:6)
  A human zombie (D:4)
  4 orc priests
  A gnoll bouda (D:6)
  3 iguanas
  2 sleepcaps (D:6)
  2 scorpion zombies
  Natasha (thrice) (D:4)
  5 orc wizards
  2 hound zombies (D:4)
  A howler monkey zombie (D:4)
  A howler monkey skeleton (D:4)
  7 gnolls (D:6)
  A river rat (D:3)
  4 adders
  3 shadow imps
  A white imp (D:7)
  2 ufetubi (D:5)
  4 dart slugs
  14 orcs
  5 ball pythons
  7 endoplasms
  12 giant cockroaches
  8 goblins
  14 hobgoblins
  13 kobolds
  5 quokkas
  3 bats
  8 frilled lizards
  A jackal zombie (D:4)
  7 rats
170 creatures vanquished.

Vanquished Creatures (others)
  An orc (D:7)
1 creature vanquished.

Grand Total: 171 creatures vanquished

Notes
Turn   | Place    | Note
-------+----------+-------------------------------------------
     0 | D:1      | boopmooplesden the Armataur Fighter began the quest for the
                  | Orb.
     0 | D:1      | Reached XP level 1. HP: 18/18 MP: 1/1
   119 | D:1      | Reached XP level 2. HP: 21/25 MP: 2/2
   766 | D:2      | Reached XP level 3. HP: 26/31 MP: 3/3
  1337 | D:2      | Reached XP level 4. HP: 38/38 MP: 4/4
  1501 | D:2      | Found Hoppyur's Magic Scroll Shoppe.
  1562 | D:3      | Found a glowing drain.
  1606 | Sewer    | Entered a sewer
  1631 | Sewer    | Noticed a kobold brigand
  1648 | Sewer    | Killed a kobold brigand
  1649 | Sewer    | Reached XP level 5. HP: 33/46 MP: 5/5
  1826 | Sewer    | Noticed Pargi
  1847 | Sewer    | Killed Pargi
  1848 | Sewer    | Reached XP level 6. HP: 24/52 MP: 6/6
  2047 | D:3      | Identified the +0 ring mail "Xuobafut" {rC- rN++ Regen+
                  | SInv}
  2228 | D:3      | Reached skill level 1 in Dodging
  2431 | D:3      | You fall into a shaft and drop 2 floors!
  2431 | D:5      | Entered Level 5 of the Dungeon
  3109 | D:4      | Noticed Natasha
  3125 | D:4      | Killed Natasha
  3459 | D:4      | Reached skill level 5 in Armour
  3459 | D:4      | Gained mutation: You regenerate magic and health when
                  | rolling toward enemies. (Rampage Regen) [Armataur growth]
  3459 | D:4      | Reached XP level 7. HP: 49/55 MP: 7/7
  3512 | D:4      | Found an ancient bone altar of Kikubaaqudgha.
  3567 | D:4      | Noticed Natasha
  3572 | D:4      | Killed Natasha
  3649 | D:4      | Noticed Natasha
  3664 | D:4      | Killed Natasha
  3955 | D:4      | Identified a scroll of acquirement
  3955 | D:4      | Acquired a staff of earth
  3972 | D:5      | Found Ycumm's Book Boutique.
  3984 | D:5      | Reached skill level 5 in Fighting
  3984 | D:5      | Reached skill level 5 in Long Blades
  4247 | D:5      | Reached XP level 8. HP: 52/68 MP: 8/8
  4326 | D:5      | Identified the +0 pair of gloves of Doomed the Leaf
                  | {Rampage Regen+}
  4658 | D:5      | Found a basalt altar of Yredelemnul.
  5047 | D:6      | Identified the +2 leather armour "Qoggasy" {rElec Str-3
                  | Int-5 Slay+4}
  5414 | D:6      | Reached skill level 5 in Shields
  5750 | D:6      | Reached XP level 9. HP: 33/75 MP: 9/9
  6396 | D:7      | Found a staircase to the Ecumenical Temple.
  6418 | Temple   | Entered the Ecumenical Temple
  6438 | Temple   | Became a worshipper of Warmaster Okawaru
  6730 | D:7      | Killed from afar by a steam dragon

Illustrated notes

Levels and vault maps discovered:
D:1:      tarquinn_simple_flora_water_d, layout_rooms, nrook_mini_vaults,
          minmay_close_crescents
D:2:      layout_basic, serial_shops, shop, minmay_tromino_i4
D:3:      layout_loops_cross, portal_sewer_entry_a, serial_glass,
          glass_columns_a, glass_columns_b
D:4:      layout_layer_cave, lemuel_mausoleum_altar_kikubaaqudgha,
          nrook_campfire, nicolae_zig_zag_zippers, uniq_natasha
D:5:      layout_cave_pools, lemuel_zombie_altar_yredelemnul, serial_shops,
          shop, due_unseen_surprise
D:6:      kennysheep_housing_project, layout_basic
D:7:      layout_loops_cross, minmay_temple_entry_statues_fountains
Temple:   regret_index_temple_waves

Skill      XL: |  1  2  3  4  5  6  7  8  9 |
---------------+----------------------------+-----
Fighting       | 3 4 5 6 |  6.0
Long Blades    | 2 3 4 5 6 7 |  7.2
Armour         | 4 5 6 7 |  7.0
Dodging        | 1 2 3 |  3.1
Shields        | 4 5 |  5.5
Stealth        | 2 |  2.3

Action                     |  1- 3 |  4- 6 |  7- 9 || total
---------------------------+-------+-------+-------++-------
  Melee: Long sword        |   149 |   235 |   483 ||   867
         Tailslap          |    12 |    36 |    64 ||   112
    Use: Scroll            |     2 |       |    16 ||    18
         Potion            |       |       |     1 ||     1
   Stab: Sleeping          |       |       |     1 ||     1
 Armour: Scale mail        |   153 |       |       ||   153
         Ring mail         |     5 |   200 |   544 ||   749
  Dodge: Dodged            |    72 |    96 |   291 ||   459
  Block: Buckler           |    41 |    57 |   143 ||   241
         Kite shield       |       |       |    35 ||    35
